 Dungeon Crawl Stone Soup version 0.31-a0-986-g5e6e4ef867 (webtiles) character file.

Game seed: 7614053165181108172

6986 FakeRyeBread the Basher (level 11, -21/69 HPs)
             Began as a Gargoyle Fighter on Nov 8, 2023.
             Was a Priest of Okawaru.
             Demolished by a boulder beetle (39 damage)
             ... on level 10 of the Dungeon.
             The game lasted 00:29:17 (9458 turns).

FakeRyeBread the Basher (Gargoyle Fighter)          Turns: 9458, Time: 00:29:17

Health: -21/69     AC: 28    Str: 32    XL:     11   Next: 8%
Magic:  13/13      EV:  8    Int:  9    God:    Okawaru [***...]
Gold:   201        SH:  5    Dex:  9    Spells: 10/10 levels left

rFire   . . .        o - +2 whip (freeze)
rCold   + . .        c - +0 buckler
rNeg    + . .        s - +0 plate armour
rPois   ∞            G - +0 helmet {SInv}
rElec   +            E - +1 cloak of Oludam {-Cast Harm rC+ Str+2}
rCorr   .            r - +0 pair of gloves
SInv    +            F - +0 pair of boots
Will    +....        t - amulet of the acrobat Stlth
                     f - +6 ring of strength
HPRegen 0.31/turn    h - ring of willpower
MPRegen 0.13/turn

%: no spellcasting, harm (+30% outgoing, +20% incoming), acrobat
@: no status effects
A: sickness immunity, AC +8, negative energy resistance 1, electricity
resistance, torment resistance 1, petrification resistance
a: Renounce Religion, Heroism


You were on level 10 of the Dungeon.
You worshipped Okawaru.
Okawaru was most pleased with you.
You visited 2 branches of the dungeon, and saw 11 of its levels.
You also visited: Ossuary.

You collected 643 gold pieces.
You spent 442 gold pieces at shops.

Inventory:

Hand Weapons
 a - a +1 flail of freezing
 o - a +2 whip of freezing (weapon)
 A - a +1 flail of holy wrath
Missiles
 z - 4 boomerangs
Armour
 c - a +0 buckler (worn)
 r - a +0 pair of gloves (worn)
 s - a +0 plate armour (worn)
 E - the +1 cloak of Oludam (worn) {-Cast Harm rC+ Str+2}
   (You bought it in a shop on level 9 of the Dungeon)

   Str+2:     It affects your strength (+2).
   rC+:       It protects you from cold.
   -Cast:     It prevents spellcasting.
   Harm:      It increases damage dealt and taken.
 F - a +0 pair of boots (worn)
 G - a +0 helmet of see invisible (worn)
Jewellery
 f - a +6 ring of strength (left hand)
 h - a ring of willpower (right hand)
 j - a ring of see invisible
 t - an amulet of the acrobat (around neck)
 y - a +6 ring of strength
 C - an amulet of magic regeneration
 H - an amulet of reflection
Wands
 b - a wand of flame (74)
Scrolls
 m - 2 scrolls of identify
 n - 3 scrolls of enchant armour
 p - 7 scrolls of teleportation
 x - 3 scrolls of enchant weapon
 D - a scroll of fear
Potions
 d - 3 potions of might
 e - 4 potions of lignification
 g - a potion of berserk rage
 i - 4 potions of mutation
 k - 3 potions of resistance
 l - a potion of heal wounds {unknown}
 q - 6 potions of curing
 u - 2 potions of magic
 v - 3 potions of brilliance
 w - a potion of invisibility {unknown}
 B - a potion of haste {unknown}


   Skills:
 + Level 8.7 Fighting
 * Level 10.6 Maces & Flails
 + Level 8.7 Armour
 + Level 8.6 Shields
 + Level 3.7 Invocations


You had 10 spell levels left.
You didn't know any spells.
Your spell library contained the following spells:

 Spells                   Type           Power      Damage    Failure   Level
 Magic Dart               Conj           0%         1d3       97%         1
 Slow                     Hex            0%         N/A       97%         1
 Sting                    Tmut/Pois      0%         1d3       97%         1
 Blink                    Tloc           0%         N/A       99%         2
 Poisonous Vapours        Pois/Air       0%         N/A       99%         2
 Wereblood                Tmut           0%         N/A       99%         2
 Confusing Touch          Hex            0%         N/A       100%        3
 Mephitic Cloud           Conj/Pois/Air  0%         N/A       100%        3
 Sigil of Binding         Hex            0%         N/A       100%        3
 Stone Arrow              Conj/Erth      0%         3d7       100%        3
 Vampiric Draining        Necr           0%         2d6       100%        3
 Manifold Assault         Tloc           0%         N/A       100%        4
 Olgreb's Toxic Radiance  Pois           0%         N/A       100%        4
 Irradiate                Conj/Tmut      0%         3d11      100%        5
 Lee's Rapid Deconstruct  Erth           0%         3d4*      100%        5
 Orb of Destruction       Conj           0%         9d5       100%        7
 Lehudib's Crystal Spear  Conj/Erth      0%         10d2      100%        8
 Call Imp                 Summ           Unusable   N/A       N/A         2
 Sublimation of Blood     Necr           Unusable   N/A       N/A         2
 Summon Guardian Golem    Hex/Summ       Unusable   N/A       N/A         3
 Animate Armour           Summ/Erth      Unusable   N/A       N/A         4
 Summon Lightning Spire   Summ/Air       Unusable   N/A       N/A         4
 Spellforged Servitor     Conj/Summ      Unusable   N/A       N/A         7
 Summon Hydra             Summ           Unusable   N/A       N/A         7

Dungeon Overview and Level Annotations

Branches:
Dungeon (10/15)            Temple (1/1) D:6            Lair (0/5) D:9
Ossuary (visited)
    Orc: D:9-12

Altars:
Ashenzari
Cheibriados
Dithmenos
Elyvilon
Fedhas
Gozag
Hepliaklqana
Kikubaaqudgha
Makhleb
Nemelex Xobeh
Okawaru
Qazlal
Ru
Sif Muna
Trog
Uskayaw
Vehumet
Wu Jian
Zin
The Shining One

Shops:
D:2 [   D:9 [[


Innate Abilities, Weirdness & Mutations

You are immune to sickness and miasma.
Your stone body is resilient. (AC +8)
You are immune to poison.
You resist negative energy. (rN+)
You are resistant to electric shocks. (rElec)
You are resistant to unholy torment.
You are immune to petrification.


Message History

The yak is moderately wounded.
The boulder beetle curls into a ball and begins rolling!
You hit the yak but do no damage.
The yak is moderately wounded.
The yak misses you. The yak gores you! The yak attacks as it pursues you!
The yak completely misses you.
An orc comes into view. It is wielding a +0 club.
The yak attacks as it pursues you! The yak closely misses you.
The yak attacks as it pursues you! The yak closely misses you.
You hit the yak but do no damage. The yak gores you.
You hit the yak. You freeze the yak.
The yak is lightly wounded.
The boulder beetle hits you!!
Ouch! That really hurt!
* * * LOW HITPOINT WARNING * * *
The boulder beetle stops rolling and uncurls.
The yak attacks as it pursues you! The yak gores you but does no damage.
The boulder beetle barely misses you. The yak attacks as it pursues you!
The yak barely misses you.
There is an open door here.
The yak attacks as it pursues you! You block the yak's attack.
The boulder beetle waves its antennae.
The yak attacks as it pursues you! The yak completely misses you.
The yak attacks as it pursues you! The yak completely misses you.
The boulder beetle curls into a ball and begins rolling!
You see here 6 poisoned darts.
There is an open door here.
You whack the yak! You freeze the yak.
The yak is heavily wounded.
The yak gores you.
* * * LOW HITPOINT WARNING * * *
You whack the yak! You freeze the yak.
You kill the yak!
Okawaru accepts your kill.
You hit the boulder beetle. You freeze the boulder beetle.
The boulder beetle is lightly wounded.
The boulder beetle hits you!!
Ouch! That really hurt!
You die...

#.........#..o.......#
#.........#...........
#.........#.Y.........
#.........#.Y.........
#.........#...........
#.........#..o........
#.....######Y#....####
#.....#...YY..........
#....@#○..°...........
#.....B°..............
#.....#(..............
#.....#...............
######################


You could see a boulder beetle (rolling).

Vanquished Creatures
  A hydra (D:10)
  An ogre mage (D:10)
  A two-headed ogre (D:9)
  Pikel (D:6)
  An ugly thing (D:10)
  A freezing wraith (D:10)
  A wraith (D:9)
  2 wyverns
  A yak (D:10)
  5 orc warriors
  An ice beast (D:7)
  A centaur (D:6)
  3 kobold brigands
  2 phantoms
  6 bullfrogs
  A scorpion (D:5)
  5 wights
  7 killer bees
  6 howler monkeys
  2 gnoll boudas
  5 hounds
  A jelly (D:4)
  6 orc priests
  An iguana (D:4)
  4 sleepcaps
  9 orc wizards
  13 mummies (Ossuary)
  15 gnolls
  3 adders
  A shadow imp (D:6)
  3 worms
  3 dart slugs (D:4)
  31 orcs
  6 ball pythons
  7 endoplasms
  4 giant cockroaches
  7 goblins
  8 hobgoblins
  26 kobolds
  4 quokkas
  7 bats
  4 frilled lizards
  3 gnoll skeletons (Ossuary)
  A goblin skeleton (Ossuary)
  2 kobold skeletons (Ossuary)
  2 orc skeletons (Ossuary)
  4 rats
  11 rat skeletons (Ossuary)
240 creatures vanquished.

Notes
Turn   | Place    | Note
-------+----------+-------------------------------------------
     0 | D:1      | FakeRyeBread the Gargoyle Fighter began the quest for the
                  | Orb.
     0 | D:1      | Reached XP level 1. HP: 14/14 MP: 1/1
    82 | D:1      | Reached XP level 2. HP: 19/19 MP: 2/2
   842 | D:2      | Reached XP level 3. HP: 22/23 MP: 3/3
  1219 | D:2      | Found Gezitobi's Antique Armour Emporium.
  1286 | D:2      | Reached skill level 3 in Maces & Flails
  1521 | D:3      | Reached XP level 4. HP: 29/29 MP: 4/4
  1997 | D:3      | Found a bloodstained altar of Trog.
  2276 | D:4      | Reached XP level 5. HP: 32/33 MP: 5/5
  2517 | D:4      | Noticed an orc warrior
  2546 | D:4      | Killed an orc warrior
  2547 | D:4      | Reached skill level 4 in Maces & Flails
  2547 | D:4      | Reached XP level 6. HP: 30/39 MP: 6/6
  2645 | D:4      | Found a glowing golden altar of the Shining One.
  2980 | D:5      | Entered Level 5 of the Dungeon
  3212 | D:5      | Reached XP level 7. HP: 40/44 MP: 7/7
  3286 | D:5      | Reached skill level 5 in Maces & Flails
  3536 | D:5      | Found an opulent altar of Gozag.
  3567 | D:5      | Reached skill level 5 in Fighting
  3567 | D:5      | Reached skill level 5 in Armour
  3871 | D:5      | Reached skill level 5 in Shields
  4280 | D:6      | Found a shadowy altar of Dithmenos.
  4419 | D:6      | Noticed Pikel
  4427 | D:6      | Reached XP level 8. HP: 49/49 MP: 8/8
  4442 | D:6      | Killed Pikel
  4443 | D:6      | Reached skill level 6 in Maces & Flails
  4975 | D:6      | Found a staircase to the Ecumenical Temple.
  4980 | Temple   | Entered the Ecumenical Temple
  5042 | D:6      | Reached skill level 7 in Maces & Flails
  5347 | D:7      | Noticed a wyvern
  5395 | D:7      | Killed a wyvern
  5396 | D:7      | Reached XP level 9. HP: 17/56 MP: 9/9
  5837 | D:7      | Found a glowing silver altar of Zin.
  5907 | D:7      | Found an ornate altar of the Wu Jian Council.
  6082 | D:7      | Reached skill level 8 in Maces & Flails
  6151 | D:7      | Found a burning altar of Makhleb.
  6486 | D:8      | Found a sand-covered staircase.
  6495 | Ossuary  | Entered an ossuary
  7553 | D:8      | Reached skill level 9 in Maces & Flails
  7592 | D:8      | Reached XP level 10. HP: 63/63 MP: 10/10
  7845 | D:8      | Found an iron altar of Okawaru.
  7915 | D:8      | Became a worshipper of Warmaster Okawaru
  8183 | D:9      | Found a staircase to the Lair.
  8285 | D:9      | Found Codiub's Antique Armour Emporium.
  8293 | D:9      | Bought an ichor-stained cloak for 218 gold pieces
  8293 | D:9      | Identified the +1 cloak of Oludam {-Cast Harm rC+ Str+2}
                  | (You bought it in a shop on level 9 of the Dungeon)
  8385 | D:9      | Found Poff's Armour Emporium.
  8390 | D:9      | Bought a +0 pair of boots for 63 gold pieces
  8390 | D:9      | Bought a +0 helmet of see invisible for 161 gold pieces
  8474 | D:9      | Reached skill level 1 in Invocations
  8494 | D:9      | Found a sacrificial altar of Ru.
  8575 | D:9      | Noticed a two-headed ogre
  8598 | D:9      | Killed a two-headed ogre
  8598 | D:9      | Reached * piety under Okawaru
  9050 | D:10     | Entered Level 10 of the Dungeon
  9081 | D:10     | Reached ** piety under Okawaru
  9130 | D:10     | Noticed a green ugly thing
  9154 | D:10     | Killed a green ugly thing
  9155 | D:10     | Reached skill level 10 in Maces & Flails
  9171 | D:10     | Identified the +7 war axe "Xeffu" {heavy, Str+4 Dex+3}
  9222 | D:10     | Noticed a four-headed hydra
  9232 | D:10     | Killed a four-headed hydra
  9286 | D:10     | Noticed an ogre mage
  9293 | D:10     | Killed an ogre mage
  9293 | D:10     | Reached *** piety under Okawaru
  9294 | D:10     | Reached XP level 11. HP: 69/69 MP: 10/13
  9430 | D:10     | Noticed a boulder beetle
  9458 | D:10     | Demolished by a boulder beetle

Illustrated notes

Levels and vault maps discovered:
D:1:      wander_arrival_estate, layout_loops_cross
D:2:      layout_loops_ring, serial_shops, shop_fountains
D:3:      layout_basic, mainiacjoe_overflow_24_doors
D:4:      layout_cave_pools, tso_altar, kennysheep_big_empty_room
D:5:      layout_loops_ring, kennysheep_mini_moat, serial_rivers,
          chequers_serial_rivers_marsh, chequers_serial_rivers_room_a,
          chequers_serial_rivers_small_a, chequers_serial_rivers_micro_d
D:6:      layout_loops_corners, lemuel_crystal_altar, temple_statues,
          dreamdust_wishing_well, minmay_misc_feat_pillars,
          kennysheep_pointless_box, uniq_pikel
D:7:      layout_loops_ring, lemuel_tele_altar, makhleb_heckhound_becter,
          nicolae_wu_jian_immortal_techniques
D:8:      layout_layer_cave, mainiacjoe_overflow_alcove_1,
          mainiacjoe_ossuary_entry_dusty_tomb, chequers_jeans,
          mrwooster_statue_mirror
D:9:      layout_long_grid, nicolae_ru_great_annihilating_truth,
          lair_entry_dummy, serial_shops, shop, nicolae_shop_just_a_little_nook
D:10:     minmay_diamond_stairs, layout_grid_maze, general_overflow_altar,
          nicolae_yredelemnul_ghost_church, hiddenorc2_lemuel
Temple:   nicolae_temple_ecumenical_triangle

Skill      XL: |  1  2  3  4  5  6  7  8  9 10 |
---------------+-------------------------------+-----
Maces & Flails | 3 4 5 7 9 10 | 10.6
Fighting       | 4 5 6 7 8 |  8.7
Armour         | 4 5 6 7 8 |  8.7
Shields        | 4 5 6 7 8 |  8.6
Invocations    | 3 |  3.7

Action                     |  1- 3 |  4- 6 |  7- 9 | 10-12 || total
---------------------------+-------+-------+-------+-------++-------
  Melee: Flail             |   162 |   184 |   130 |       ||   476
         Whip              |       |       |   420 |   278 ||   698
 Invoke: Heroism           |       |       |       |     1 ||     1
    Use: Scroll            |     2 |       |    19 |     1 ||    22
         Potion            |       |       |       |     1 ||     1
   Stab: Invisible         |       |       |       |     1 ||     1
 Armour: Scale mail        |   133 |    20 |       |       ||   153
         Plate armour      |       |   144 |   352 |   143 ||   639
  Dodge: Dodged            |   102 |    87 |   171 |    80 ||   440
  Block: Buckler           |    51 |    54 |    86 |    63 ||   254

Table legend: (Time is in decaauts)
 A = Elapsed time spent in this place.
 B = Non-inter-level travel time spent in this place.
 C = Inter-level travel time spent in this place.
 D = Time resting spent in this place.
 E = Time spent auto-exploring this place.
 F = Levels seen in this place.
 G = Mean time per level.
                   A        B        C        D        E       F      G
               +--------+--------+--------+--------+--------+-----+--------+
         Total |   9364 |   8475 |    889 |    916 |   5178 |  12 |  780.3 |
       Dungeon |   8930 |   8066 |    864 |    868 |   5084 |  10 |  893.0 |
        Temple |     26 |      1 |     25 |      0 |      0 |   1 |   26.0 |
       Ossuary |    407 |    407 |      0 |     48 |     94 |   1 |  407.0 |
               +--------+--------+--------+--------+--------+-----+--------+

Top non-repeatable levels by time:
     D:6: 1391 daAuts
     D:5: 1158 daAuts
     D:8: 1068 daAuts
     D:9: 954 daAuts
     D:7: 914 daAuts
     D:3: 807 daAuts
     D:4: 794 daAuts
     D:1: 751 daAuts
     D:2: 710 daAuts
 Ossuary: 407 daAuts
    D:10: 379 daAuts
  Temple: 26 daAuts
